 Dungeon Crawl Stone Soup version 0.28-a0-1629-gf728b707aa (webtiles) character file.

Game seed: 6143184463969783644

24 Sweetruy1997 the Scratcher (level 2, -1/12 HPs)
             Began as a Felid Transmuter on Jan 24, 2022.
             Slain by an adder (2 damage)
             ... on level 2 of the Dungeon.
             The game lasted 00:03:03 (964 turns).

Sweetruy1997 the Scratcher (Felid Transmuter)        Turns: 964, Time: 00:03:04

Health: -1/12      AC:  1    Str:  6    XL:     2   Next: 79%
Magic:  6/6        EV: 17    Int: 14    God:
Gold:   23         SH:  0    Dex: 16    Spells: 1/5 levels left
                                        Lives:  0   Deaths: 0

rFire   . . .      SeeInvis +     - Unarmed
rCold   . . .      Faith    .   (shield unavailable)
rNeg    . . .      Spirit   .   (armour unavailable)
rPois   .          Reflect  .   (helmet unavailable)
rElec   .          Harm     .   (cloak unavailable)
rCorr   .          Rampage  .   (gloves unavailable)
Will    .....                   (boots unavailable)
Stlth   +.........              (no amulet)
HPRegen 0.04/turn               (no ring)
MPRegen 0.10/turn               (no ring)

@: appendages (expiring), very slow
A: horns 2, very small, claws 1, fangs 3, see invisible, speed 1, shaggy fur 1,
stealthy paws, no weapons or thrown items, no armour, multi-lived
a: End Transformation


You were on level 2 of the Dungeon.
You had temporarily grown beastly horns.
You visited 1 branch of the dungeon, and saw 2 of its levels.

You collected 23 gold pieces.

Inventory:

Scrolls
 a - 2 scrolls of identify {unknown}
 b - a scroll of teleportation {unknown}
 d - a scroll of fear {unknown}
Potions
 c - a potion of berserk rage {unknown}


   Skills:
 + Level 1.4 Fighting
 + Level 2.9 Dodging
 + Level 0.6 Stealth
 + Level 3.4 Unarmed Combat
 + Level 2.1 Spellcasting
 + Level 2.4 Transmutations


You had one spell level left.
You knew the following spells:

 Your Spells              Type           Power      Damage    Failure   Level
a - Beastly Appendage     Tmut           16%        N/A       9%          1
b - Apportation           Tloc           2%         N/A       24%         1
c - Wereblood             Tmut           8%         N/A       13%         2

Your spell library contained the following spells:

 Spells                   Type           Power      Damage    Failure   Level
 Spider Form              Tmut/Pois      4%         N/A       38%         3
 Ice Form                 Ice/Tmut       4%         N/A       80%         4
 Alistair's Intoxication  Tmut/Pois      2%         N/A       98%         5


Dungeon Overview and Level Annotations

Branches:
Dungeon (2/15)

Altars:


Innate Abilities, Weirdness & Mutations

You have temporarily grown beastly horns.
You have sharp claws.
You have razor-sharp teeth.
You have supernaturally acute eyesight. (SInv)
You cover ground quickly. (Speed+)
You are covered in fur. (AC +1)
Your paws help you pounce on unaware monsters.
You are incapable of wielding weapons or throwing items.
You cannot wear armour.
You gain extra lives every three experience levels.


Message History

The bat hits you but does no damage. The adder misses you.
You closely miss the adder.
The adder is almost dead.
The bat misses you. The adder bites you.
You are too injured to fight recklessly!
You are too injured to fight recklessly!
You closely miss the adder.
You headbutt the adder, but do no damage.
The adder is almost dead.
The bat closely misses you. The adder closely misses you. The adder bites you.
Your unstable footing causes you to fumble your attack.
The bat hits you but does no damage. The bat closely misses you.
The adder completely misses you.
You closely miss the adder. Your headbutt misses the adder.
The adder is almost dead.
The bat hits you.
* * * LOW HITPOINT WARNING * * *
The adder barely misses you.
Your unstable footing causes you to fumble your attack.
Your transformation is almost over.
The bat closely misses you. The adder completely misses you. The bat hits you.
* * * LOW HITPOINT WARNING * * *
You scratch the adder but do no damage.
The adder is almost dead.
The bat closely misses you. The adder bites you.
* * * LOW HITPOINT WARNING * * *
Your unstable footing causes you to fumble your attack.
The adder barely misses you. The bat misses you. The adder barely misses you.
You closely miss the adder. Your headbutt misses the adder. You bite the adder.
The adder is almost dead.
The bat hits you.
* * * LOW HITPOINT WARNING * * *
The adder completely misses you. The bat completely misses you.
The adder closely misses you.
Your unstable footing causes you to fumble your attack.
The bat barely misses you. The adder barely misses you.
You closely miss the adder.
The adder is almost dead.
The adder barely misses you. The bat closely misses you. The adder bites you.
You die...

...# ...# # #..≈≈≈≈P≈..#
...#########.#..≈≈≈≈≈...#
.........##..#..≈≈≈≈≈...#
.......#.#.<.....≈≈≈≈...#
.........#..##...≈≈≈≈...#
.........#..###..≈≈P....#
...####..#...##.≈b≈.≈...#
.[.......#.#.##.@S≈≈.....
...####.##.#...^.≈≈≈≈.#.#
≈).# #..........≈≈P≈.#
#.## #####....≈≈≈≈P..#
..# #..#.≈≈≈≈≈P.# ###
#..#.≈≈≈≈≈≈...
#....≈≈≈≈≈P...# #..
..##..≈≈≈≈≈.... ...
.......≈≈≈.≈..


You could see an adder and a bat.

Vanquished Creatures
  A dart slug (D:1)
  3 endoplasms (D:1)
  A giant cockroach (D:1)
  3 goblins
  3 hobgoblins (D:1)
  3 kobolds (D:1)
  2 ball pythons (D:2)
  2 bats (D:1)
  A rat (D:1)
19 creatures vanquished.

Notes
Turn   | Place    | Note
-------+----------+-------------------------------------------
     0 | D:1      | Sweetruy1997 the Felid Transmuter began the quest for the
                  | Orb.
     0 | D:1      | Reached XP level 1. HP: 9/9 MP: 4/4
   119 | D:1      | Learned a level 1 spell: Apportation
   438 | D:1      | Reached XP level 2. HP: 12/12 MP: 4/6
   441 | D:1      | Learned a level 2 spell: Wereblood
   964 | D:2      | Slain by an adder

Illustrated notes

Levels and vault maps discovered:
D:1:      giann_bridges, layout_basic
D:2:      layout_loops_cross, chequers_serial_rivers_micro_e,
          chequers_big_river, uniq_sigmund

Action                   || total
-------------------------++-------
Melee: Unarmed           ||    55
       Headbutt          ||     7
       Bite              ||     5
       Punch             ||     1
 Cast: Beastly Appendage ||    14
       Apportation       ||     1
       Wereblood         ||     1
Armor: Skin              ||     7
Dodge: Dodged            ||    48

Table legend: (Time is in decaauts)
 A = Elapsed time spent in this place.
 B = Non-inter-level travel time spent in this place.
 C = Inter-level travel time spent in this place.
 D = Time resting spent in this place.
 E = Time spent auto-exploring this place.
 F = Levels seen in this place.
 G = Mean time per level.
                   A        B        C        D        E       F      G
               +--------+--------+--------+--------+--------+-----+--------+
         Total |    879 |    868 |     11 |    169 |    565 |   2 |  439.5 |
       Dungeon |    879 |    868 |     11 |    169 |    565 |   2 |  439.5 |
               +--------+--------+--------+--------+--------+-----+--------+

Top non-repeatable levels by time:
     D:1: 769 daAuts
     D:2: 110 daAuts
